 Dungeon Crawl Stone Soup version 0.16.2-12-gd0ad4c3 (webtiles) character file.

31 Burgundious the Cudgeler (level 3, 21/27 HPs)
             Began as a Demonspawn Gladiator on Oct 5, 2015.
             Quit the game on level 3 of the Dungeon.
             The game lasted 00:03:47 (1721 turns).

Burgundious the Cudgeler (Demonspawn Gladiator)     Turns: 1721, Time: 00:03:48

Health: 21/27      AC: 10    Str: 15    XL:     3   Next: 7%
Magic:  3/3        EV: 11    Int: 10    God:
Gold:   73         SH:  0    Dex: 15    Spells: 0 memorised, 2 levels left

rFire  . . .     SeeInvis .     a - +0 flail
rCold  . . .     Clarity  .     z - +4 ring mail
rNeg   . . .     SustAb   .     (no shield)
rPois  .         Gourm    .     c - +0 helmet
rElec  .         Spirit   .     (no cloak)
rCorr  .         Warding  .     (no gloves)
rMut   .         Stasis   .     (no boots)
MR     .....                    (no amulet)
Stlth  +.........               (no ring)
                                (no ring)

@: not resistant to hostile enchantments, very unstealthy
A: thin skeletal structure 1, demonic guardian 1
a: no special abilities


You were on level 3 of the Dungeon.
You were not hungry.

You visited 1 branch of the dungeon, and saw 3 of its levels.

You collected 73 gold pieces.

Inventory:

Hand weapons
 a - a +0 flail (weapon)
Missiles
 d - 3 throwing nets
 m - 60 bolts
 y - 35 stones (quivered)
Armour
 b - a +0 leather armour
 c - a +0 helmet (worn)
 x - a +2 ring mail of positive energy
 z - a +4 ring mail (worn)
Magical staves
 r - an uncursed staff of cold
Jewellery
 n - an uncursed ring of protection from magic {unknown}
Magical devices
 p - a wand of hasting (5)
Scrolls
 e - 2 scrolls of remove curse {unknown}
 g - a scroll of blinking {unknown}
 j - 3 scrolls of identify {unknown}
 o - 2 scrolls of enchant armour {unknown}
 q - a scroll of teleportation {unknown}
 v - a scroll of fog {unknown}
 w - a scroll of magic mapping {unknown}
Potions
 i - a potion of haste {unknown}
 k - a potion of degeneration {unknown}
 t - a potion of poison {unknown}
Comestibles
 f - a bread ration
 h - a beef jerky
 l - a meat ration
 s - a royal jelly
 u - a fruit
 A - a slice of pizza


   Skills:
 - Level 2.0 Fighting
 + Level 3.8 Maces & Flails
 - Level 1.7 Throwing
 - Level 2.6 Dodging


You had 2 spell levels left.
You didn't know any spells.

Dungeon Overview and Level Annotations

Branches:
Dungeon (3/15)

Altars:
Ashenzari
Gozag


Innate Abilities, Weirdness & Mutations

You have a somewhat thin skeletal structure (Dex +2, Stealth).
A weak demonic guardian rushes to your aid.


Message History

The worm completely misses you.
You hit the worm but do no damage.
The worm is heavily wounded.
The worm bites you.
You hit the worm.
The worm is heavily wounded.
You barely miss the worm.
The worm is heavily wounded.
The worm bites you.
You barely miss the worm.
The worm is heavily wounded.
You thump the worm!
You kill the worm!
You have reached level 3!
Your experience leads to an increase in your attributes!
Increase (S)trength, (I)ntelligence, or (D)exterity?
You feel clever.
Your demonic ancestry asserts itself...
You feel the presence of a demonic guardian.
You start resting.
Are you sure you want to abandon this character and quit the game? (Confirm with "yes".)

#........# #........#
#........# ###
#........# #..
#........# #.###
#........# #.#..
#........# #.#.#
#........# .#.#.#
#....@...#
.#.#.#######........#
...........+........#
##.#.#######........#
...#...#.#####.######
######.#.......# #
#...####### # ##### #


There were no monsters in sight!

Vanquished Creatures
  An adder (D:2)
  A worm (D:3)
  A giant gecko (D:1)
  A giant cockroach (D:2)
  A hobgoblin (D:2)
  A ball python (D:2)
  A bat (D:2)
  5 giant newts
  3 goblins
  A kobold (D:2)
  6 rats
22 creatures vanquished.

Notes
Turn   | Place    | Note
--------------------------------------------------------------
     0 | D:1      | Burgundious, the Demonspawn Gladiator, began the quest for the Orb.
     0 | D:1      | Reached XP level 1. HP: 16/16 MP: 1/1
   266 | D:1      | Reached skill level 3 in Maces & Flails
   278 | D:1      | Found a shattered altar of Ashenzari.
   751 | D:2      | Gained mutation: You have a somewhat thin skeletal structure (Dex +2, Stealth). [demonic ancestry]
   751 | D:2      | Reached XP level 2. HP: 22/22 MP: 2/2
   918 | D:2      | Found an opulent altar of Gozag.
  1620 | D:3      | Gained mutation: A weak demonic guardian rushes to your aid. [demonic ancestry]
  1620 | D:3      | Reached XP level 3. HP: 12/27 MP: 3/3
  1721 | D:3      | Quit the game

Action                   || total
-------------------------++-------
Melee: Flail             ||    63
 Stab: Sleeping          ||     1
  Eat: Chunk             ||     2
